Workbook
Name _ftn1: 'Focus - POLITICHE RETRIBUTIVE'!#REF!
Name _ftn1: questionario!#REF!
Name _ftn1: #REF!
Name _ftn2: 'Focus - POLITICHE RETRIBUTIVE'!#REF!
Name _ftn2: questionario!#REF!
Name _ftn3: 'Focus - POLITICHE RETRIBUTIVE'!#REF!
Name _ftn3: questionario!#REF!
Name _ftn4: 'Focus - POLITICHE RETRIBUTIVE'!#REF!
Name _ftn4: questionario!#REF!
Name _ftn5: 'Focus - POLITICHE RETRIBUTIVE'!#REF!
Name _ftn5: questionario!#REF!
Name _ftn6: 'Focus - POLITICHE RETRIBUTIVE'!#REF!
Name _ftn6: questionario!#REF!
Name _ftn7: 'Focus - POLITICHE RETRIBUTIVE'!#REF!
Name _ftn7: questionario!#REF!
Name _ftnref1: 'Focus - POLITICHE RETRIBUTIVE'!#REF!
Name _ftnref1: questionario!#REF!
Name _ftnref1: #REF!
Name _ftnref2: 'Focus - POLITICHE RETRIBUTIVE'!#REF!
Name _ftnref2: questionario!#REF!
Name _ftnref3: 'Focus - POLITICHE RETRIBUTIVE'!#REF!
Name _ftnref3: questionario!#REF!
Name _ftnref4: 'Focus - POLITICHE RETRIBUTIVE'!#REF!
Name _ftnref4: questionario!#REF!
Name _ftnref5: 'Focus - POLITICHE RETRIBUTIVE'!#REF!
Name _ftnref5: questionario!#REF!
Name _ftnref6: 'Focus - POLITICHE RETRIBUTIVE'!#REF!
Name _ftnref6: questionario!#REF!
Name _ftnref7: 'Focus - POLITICHE RETRIBUTIVE'!#REF!
Name _ftnref7: questionario!#REF!
Name Button_1: "Struttura_database__maschera_biagi_2006_maschera_Elenca"

Sheet questionario
C1: XLVIII Indagine dell'industria metalmeccanica e della installazione di impianti - 2024 | L1: Colonna di controllo
C5: in coordinamento con l'Indagine Confindustria sul Lavoro
K6: FALSE
A8: Persona a cui inviare i risultati:
A10: E-mail: | L10: =+IF(B10="","Compilare E-mail","") -> Compilare E-mail
A12: A) INFORMAZIONI GENERALI SULL'IMPRESA
A13: 7
A15: A.1 Denominazione dell'impresa | L15: =+IF(F15="","Compilare denominazione impresa","") -> Compilare denominazione impresa
A17: A.2 Associazione territoriale | F17: ASSOLOMBARDA | L17: =+IF(F17="","Compilare Associazione","")
L18: =+IF(C19="","Compilare Partita IVA",IF(LEN(C19)>11,"Partita IVA oltre 11 caratteri?","")) -> Compilare Partita IVA | N18: 200
A19: A.3 Partita IVA | F19: A.4 Codice Attività | J19: 1 | L19: =+IF(J19=1,"Compilare Codice Attività","") -> Compilare Codice Attività | N19: =IF(NOT(J19=""),VLOOKUP(J19,ateco2007!A1:C3118,2,FALSE),"0") -> Scegliere Ateco 2007
A21: RISERVATO ALL'ASSOCIAZIONE | F21: CODICE Associazione territoriale | J21: 20 | L21: =+IF(J21="","Compilare Codice Associazione","")
A23: A.5 L'impresa è plurilocalizzata? | H23: No | I23: FALSE | J23: Sì | K23: FALSE | L23: =IF(P23+Q23>1,"Scegliere una sola opzione","") | N23: =+IF(I23=TRUE,1,0) -> 0 | O23: =+IF(K23=TRUE,1,0) -> 0 | P23: =N23*1 -> 0 | Q23: =O23*1 -> 0
A25: A.6 I dati che inserirà nel questionario riguardano: | L25: =IF(NOT(N27=1),IF(NOT(N29=1),"Compilare A.6",""),IF(NOT(N29=1),"","Attenzione compilare solo un'opzione!")) -> Compilare A.6
B27: =IF(P23=1,"l'unica sede","tutta l'impresa a livello nazionale") -> tutta l'impresa a livello nazionale | E27: FALSE | H27: Provincia | K27: 1 | L27: =IF(AND(P23=1,Q23=0),IF(N27=1,IF(O27>0,"","Scegliere Provincia dell'unica sede"),IF(O27>0,"Attenzione A.6!","")),IF(AND(P23=0,Q23=1),IF(N27=1,IF(O27>0,"","Scegliere Provincia della sede principale"),IF(O27>0,"Attenzione A.6!","")),"")) | N27: =+IF(E27=TRUE,1,0) -> 0 | O27: =+IF(NOT(K27=""),VLOOKUP(K27,provincia!A1:C108,3,FALSE),0) -> 0 | P27: =N27*1 -> 0
B29: solo l'unità locale | E29: FALSE | H29: Provincia | K29: 1 | L29: =IF(OR(AND(N23=1,P29=1),AND(N23=0,O23=0,P29=1)),"Attenzione A.5!",IF(P29=1,IF(O29>"0","","Scegliere Provincia dell'unità locale"),IF(AND(P29=0,O29>"0"),"Attenzione A.6!",""))) | N29: =+IF(E29=TRUE,1,0) -> 0 | O29: =IF(NOT(K29=""),VLOOKUP(K29,provincia!A1:C108,3,FALSE),0) -> 0 | P29: =N29*1 -> 0
A32: B) STRUTTURA E DINAMICA DELL'OCCUPAZIONE
A34: B.1 Numero di lavoratori dipendenti per sesso e tipologia contrattuale
D36: Lavoratori al 31.12.2023 | H36: Lavoratori al 31.12.2024 | I36: FALSE | K36: TRUE
D37: Maschi | F37: Femmine | H37: Maschi | J37: Femmine
A38: Indeterminato full-time
A39: Indeterminato part-time
A40: Totale INDETERMINATO | D40: =+SUM(D38:E39) -> 0 | F40: =+SUM(F38:G39) -> 0 | H40: =+SUM(H38:I39) -> 0 | J40: =+SUM(J38:K39) -> 0
A41: Determinato full-time
A42: Determinato part-time
A43: Apprendistato
A44: TOTALE dipendenti | D44: =D40+SUM(D41:E43) -> 0 | F44: =F40+SUM(F41:G43) -> 0 | H44: =H40+SUM(H41:I43) -> 0 | J44: =J40+SUM(J41:K43) -> 0
A48: B.2 Numero di lavoratori DIPENDENTI A TEMPO INDETERMINATO per sesso e inquadramento professionale
A50: Attenzione: questa tabella è riferita ai soli LAVORATORI A TEMPO INDETERMINATO | D50: Lavoratori al 31.12.2023 | H50: Lavoratori al 31.12.2024 | I50: FALSE | K50: TRUE
D51: Maschi | E51: di cui part-time | F51: Femmine | G51: di cui part-time | H51: Maschi | I51: di cui part-time | J51: Femmine | K51: di cui part-time
A52: Dirigenti | L52: =IF(D40>0,IF(D57>0,IF(AND(D40=D57,D39=E57),"","Attenzione Maschi 2023 in B.1!"),"Compilare Maschi 2023 in B.2"),IF(AND(D40=D57,D39=E57),"","Attenzione Maschi 2023 in B.1!"))
A53: Quadri | L53: =IF(F40>0, IF(F57>0,IF(AND(F40=F57,F39=G57),"","Attenzione Femmine 2023 in B.1!"),"Compilare Femmine 2023 in B.2"),IF(AND(F40=F57,F39=G57),"","Attenzione Femmine 2023 in B.1!"))
A54: Impiegati | L54: =IF((D39+F39)>0,IF((E57+G57)>0,IF((E57+G57)=(D39+F39),"","Attenzione part-time 2023 in B.2!"),"Compilare part-time 2023 in B.2"),IF((E57+G57)=(D39+F39),"","Attenzione part-time 2023 in B.2!"))
A55: Intermedi | L55: =IF(H40>0, IF(H57>0,IF(AND(H40=H57,H39=I57),"","Attenzione Maschi 2024 in B.1!"),"Compilare Maschi 2024 in B.2"),IF(AND(H40=H57,H39=I57),"","Attenzione Maschi 2024 in B.1!"))
A56: Operai | L56: =IF(J40>0, IF(J57>0,IF(AND(J40=J57,J39=K57),"","Attenzione Femmine 2024 in B.1!"),"Compilare Femmine 2024 in B.2"),IF(AND(J40=J57,J39=K57),"","Attenzione Femmine 2024 in B.1!"))
A57: Totale INDETERMINATO | D57: =+SUM(D52:D56) -> 0 | E57: =+SUM(E52:E56) -> 0 | F57: =+SUM(F52:F56) -> 0 | G57: =+SUM(G52:G56) -> 0 | H57: =+SUM(H52:H56) -> 0 | I57: =+SUM(I52:I56) -> 0 | J57: =+SUM(J52:J56) -> 0 | K57: =+SUM(K52:K56) -> 0 | L57: =IF((H39+J39)>0,IF((I57+K57)>0,IF((I57+K57)=(H39+J39),"","Attenzione part-time 2024 in B.2!"),"Compilare part-time 2024 in B.2"),IF((I57+K57)=(H39+J39),"","Attenzione part-time 2024 in B.2!"))
A59: B.2.1 Indicare il numero di operai per turni di lavoro e le rispettive ore giornaliere contrattualmente lavorabili
H60: Numero operai | J60: Ore giornaliere contrattualmente lavorabili
J61: ore | K61: minuti
B62: Operai che lavorano come normalisti | L62: =IF(SUM(H62:I66)>H56+J56,"Il numero di operai non corrisponde a quanto indicato per il 2024 in B.2","")
B63: Operai che lavorano su 2 turni
B64: Operai che lavorano su 3 turni
B65: Operai che lavorano su 6x6
B66: Operai che lavorano con altre tipologie di turnazione (specificare di seguito)
B67: (specificare) …...................................................
A69: B.3 Indicare il numero di dipendenti che nel corso del 2024 sono stati:
A70: N.B. non vanno conteggiate le variazioni che riguardino lo stesso lavoratore (es. i rinnovi/proroghe di contratti a tempo determinato o le trasformazioni da tempo determinato a tempo indeterminato)
B71: assunti | L71: =IF((I71+I73)>0, IF((H44+J44-D44-F44)=(I71-I73),"","Attenzione: dati non coerenti con variazione tra 31.12.2023 e 31.12.2024 del totale dipendenti ricavabile da B.1"),"")
B73: cessati (dimissioni + pensionamenti + licenziamenti + contratti terminati ...)
B75: di cui cessati: | C75: - per dimissioni | L75: =IF(OR(I71+I73>0,I75+I76>0), IF(AND(I75<=I73,I76<=I73,I75+I76<=I73),"","Attenzione: dati non coerenti con dipendenti cessati"),"")
C76: - per uscita concordata incentivata
A78: Sulla base delle informazioni fornite, nel 2024 il turnover è stato pari a: | I78: =IF(ISERROR((I71+I73)/(D44+F44)),"",(I71+I73)/(D44+F44))
A80: B.4. L'impresa si è avvalsa di lavoratori in somministrazione e/o staff leasing nel 2024? | B80: FALSE | D80: FALSE
B81: Somministrazione a tempo determinato (ex-interinale)
A82: No | B82: FALSE | C82: Sì | D82: FALSE | E82: Quanti | K82: =IF(P82+Q82>1,"Scegliere una sola opzione",IF(AND(Q82=1,F82=0),"Indicare il numero di lavoratori somministrati a tempo determinato",IF(AND(Q82=0,P82=1,F82>0),"Attenzione: risposte non coerenti tra loro",""))) | N82: =+IF(B82=TRUE,"1","0") -> 0 | O82: =+IF(D82=TRUE,"1","0") -> 0 | P82: =N82*1 -> 0 | Q82: =O82*1 -> 0
D83: FALSE
B84: Somministrazione a tempo indeterminato/staff-leasing
A85: No | B85: FALSE | C85: Sì | D85: FALSE | E85: Quanti | K85: =IF(P85+Q85>1,"Scegliere una sola opzione",IF(AND(Q85=1,F85=0),"Indicare il numero di lavoratori somministrati a tempo indeterminato",IF(AND(Q85=0,P85=1,F85>0),"Attenzione: risposte non coerenti tra loro",""))) | N85: =+IF(B85=TRUE,"1","0") -> 0 | O85: =+IF(D85=TRUE,"1","0") -> 0 | P85: =N85*1 -> 0 | Q85: =O85*1 -> 0
A87: B.5 Numero di trasformazioni a tempo indeterminato nel 2024 | G87: FALSE
A89: TOTALE | B89: di cui in precedenza con contratto: | J89: =IF(B91>0,IF(D41+F41+D42+F42+E98+G98=0,"Nessun DETERMINATO da trasformare!",IF(D41+F41+D42+F42+E98+G98<B91,"Attenzione DETERMINATI in B.1 e B.5!","")),"")
B90: a tempo determinato | D90: di apprendistato | F90: di somministrazione (ex interinale) | H90: di collaborazione | J90: =IF(D91>0,IF(D43+F43+H98=0,"Nessun APPRENDISTA da trasformare!",IF(D43+F43+H98<D91,"Attenzione APPRENDISTATO in B.1 e B.5!","")),"")
A91: =SUM(B91:I91) -> 0 | J91: =IF(F91>0,IF(F82+F85=0,"Nessuna SOMMINISTRAZIONE da trasformare!",IF(F82+F85<F91,"Attenzione SOMMINISTRAZIONE in B.4!","")),"")
A93: B.6 NUOVE ASSUNZIONI nel 2024 (dalle nuove assunzioni a tempo indeterminato vanno escluse le trasformazioni)
A95: TOTALE | B95: di cui con contratto:
B96: a tempo indeterminato | E96: a tempo determinato | H96: di apprendistato
B97: full-time | D97: part-time | E97: full-time | G97: part-time
A98: =SUM(B98:I98) -> 0
L101: =IF(AND(P101+P102+P103+P104+P105>0,P100>0),"Risposte incoerenti",IF(P101+P102+P103+P104+P105>2,"Attenzione: max 2 risposte possibili",""))
A107: C) ORARI E ASSENZE DAL LAVORO
A108: Le informazioni richieste in questa sezione si riferiscono al solo personale dipendente A TEMPO INDETERMINATO FULL-TIME
A110: I dati in questa tabella vanno forniti per lavoratore (dati medi)
H111: Quadri/Impiegati/ Intermedi | J111: Operai | N111: Check interno: correzioni per errori presunti
A112: C.1 GIORNI di ferie, P.A.R.1 e permessi per banca ore e conto ore per lavoratore effettivamente goduti nel 2024 (es. 20 + 4 + 9 = 33 giorni) | L112: =IF(F124+G124+H124+I124=0,IF(H112>0,"Nessun quadro/impieg./intermedio FT in B.2!",""),IF(H112=0,"Compilare Ferie Quadri/Impiegati/Intermedi","")) | N112: Se azienda ha fornito monte ferie /ore lavorate invece che pro-capite
L113: =IF(J124+K124=0,IF(J112>0,"Nessun Operaio FT in B.2!",""),IF(J112=0,"Compilare Ferie Operai","")) | N113: Allora pro-capite sarebbe:
A114: C.2 ORARIO SETTIMANALE per lavoratore da CCNL, al lordo delle pause retribuite (es. 40 ore a settimana; 37,5 ore; ecc.) | L114: =IF(F124+G124+H124+I124=0,IF(H114>0,"Nessun quadro/impiegato/intermedio in B.2!",""),IF(H114=0,"Compilare Orario Quadri/Impiegati/Intermedi",IF(H114>48,"Orario settimanale > 48 ore?",""))) | O114: QII | P114: O
L115: =IF(J124+K124=0,IF(J114>0,"Nessun operaio in B.2!",""),IF(J114=0,"Compilare Orario Operai",IF(J114>48,"Orario settimanale > 48?",""))) | N115: Ferie | O115: =H112/(F124+G124+H124+I124) -> #DIV/0! | P115: =J112/(J124+K124) -> #DIV/0!
A116: di cui MINUTI SETTIMANALI di pause retribuite per lavoratore a settimana (es. 10 minuti per 5 giorni = 50 minuti alla settimana) | N116: Orario | O116: =H114/(F124+G124+H124+I124) -> #DIV/0! | P116: =J114/(J124+K124) -> #DIV/0!
A117: 1 Ex-festività, riduzioni di orario di lavoro.
A119: C.3 MONTE ORE DI ASSENZA, CIG E STRAORDINARIO NEL 2024 (fornire il numero totale di ore di assenza effettuate dai lavoratori a tempo indeterminato full-time nel corso del 2024) | P119: Totale | S119: Quadri | V119: Impiegati/Intermedi | Y119: Operai | AC119: Giorni nell'anno | AD119: 366
A120: Qualora fosse disponibile solo un'informazione aggregata, indicare qui sotto il personale a cui si riferiscono i dati (es. maschi+femmine; quadri+impiegati). | P120: Maschi | Q120: Femmine | R120: Totale | S120: Maschi | T120: Femmine | U120: Totale | V120: Maschi | W120: Femmine | X120: Totale | Y120: Maschi | Z120: Femmine | AA120: Totale | AC120: Sab+Dom | AD120: 104
A121: I dati si riferiscono a: | F121: …........................................................................... | N121: Lavoratori* | P121: =+S121+V121+Y121 -> 0 | Q121: =+T121+W121+Z121 -> 0 | R121: =+U121+X121+AA121 -> 0 | S121: =+$F$124 -> 0 | T121: =$G$124 -> 0 | U121: =+S121+T121 -> 0 | V121: =$H$124 -> 0 | W121: =$I$124 -> 0 | X121: =+V121+W121 -> 0 | Y121: =$J$124 -> 0 | Z121: =$K$124 -> 0 | AA121: =+Y121+Z121 -> 0 | AC121: Festività | AD121: 8
F122: Quadri | H122: Impiegati/Intermedi | J122: Operai | N122: Ore lavorabili | P122: =IF(P121>0,+(S122*S121+V122*V121+Y122*Y121)/P121,"0") -> 0 | Q122: =IF(Q121>0,+(T122*T121+W122*W121+Z122*Z121)/Q121,"0") -> 0 | R122: =IF(P121>0,IF(Q121>0,+(P122*P121+Q122*Q121)/R121,P122),Q122) -> 0 | S122: =IF(S121>0,(((AD119-AD120-AD121-AD122-H112)/5)*(H114-(H116/60))-F134/S121),"0") -> 0 | T122: =IF(T121>0,(((AD119-AD120-AD121-AD122-H112)/5)*(H114-(H116/60))-G134/T121),"0") -> 0 | U122: =IF(S121>0,IF(T121>0,+(S122*S121+T122*T121)/U121,S122),T122) -> 0 | V122: =IF(V121>0,(((AD119-AD120-AD121-AD122-H112)/5)*(H114-(H116/60))-H134/V121),"0") -> 0 | W122: =IF(W121>0,(((AD119-AD120-AD121-AD122-H112)/5)*(H114-(H116/60))-I134/W121),"0") -> 0 | X122: =IF(V121>0,IF(W121>0,+(V122*V121+W122*W121)/X121,V122),W122) -> 0 | Y122: =IF(Y121>0,(((AD119-AD120-AD121-AD122-J112)/5)*(J114-(J116/60))-J134/Y121),"0") -> 0 | Z122: =IF(Z121>0,(((AD119-AD120-AD121-AD122-J112)/5)*(J114-(J116/60))-K134/Z121),"0") -> 0 | AA122: =IF(Y121>0,IF(Z121>0,+(Y122*Y121+Z122*Z121)/AA121,Y122),Z122) -> 0 | AC122: Santo Patrono | AD122: 1
F123: Maschi | G123: Femmine | H123: Maschi | I123: Femmine | J123: Maschi | K123: Femmine | N123: Ore lavorate | P123: =IF(P121>0,+(S123*S121+V123*V121+Y123*Y121)/P121,"0") -> 0 | Q123: =IF(Q121,+(T123*T121+W123*W121+Z123*Z121)/Q121,"0") -> 0 | R123: =IF(P121>0,IF(Q121>0,+(P123*P121+Q123*Q121)/R121,P123),Q123) -> 0 | S123: =IF(S121>0,+S122-(F125+F126+F128+F129+F131+F132+F133)/S121,"0") -> 0 | T123: =IF(T121>0,+T122-(G125+G126+G128+G129+G131+G132+G133)/T121,"0") -> 0 | U123: =IF(S121>0,IF(T121>0,+(S123*S121+T123*T121)/U121,S123),T123) -> 0 | V123: =IF(V121>0,+V122-(H125+H126+H128+H129+H131+H132+H133)/V121,"0") -> 0 | W123: =IF(W121>0,+W122-(I125+I126+I128+I129+I131+I132+I133)/W121,"0") -> 0 | X123: =IF(V121>0,IF(W121>0,+(V123*V121+W123*W121)/X121,V123),W123) -> 0 | Y123: =IF(Y121>0,+Y122-(J125+J126+J128+J129+J131+J132+J133)/Y121,"0") -> 0 | Z123: =IF(Z121>0,+Z122-(K125+K126+K128+K129+K131+K132+K133)/Z121,"0") -> 0 | AA123: =IF(Y121>0,IF(Z121>0,+(Y123*Y121+Z123*Z121)/AA121,Y123),Z123) -> 0
A124: La riga riporta il numero medio di lavoratori full-time a tempo indeterminato nel corso del 2024 (come da organici indicati in B.2) | F124: =+(D53+H53-E53-I53)/2 -> 0 | G124: =(F53+J53-G53-K53)/2 -> 0 | H124: =+(D54+D55+H54+H55-E54-E55-I54-I55)/2 -> 0 | I124: =+(F54+F55+J54+J55-G54-G55-K54-K55)/2 -> 0 | J124: =+(D56+H56-E56-I56)/2 -> 0 | K124: =+(F56+J56-G56-K56)/2 -> 0 | N124: Ore assenza pro-capite | P124: =IF(P121>0,+(S124*S121+V124*V121+Y124*Y121)/P121,"0") -> 0 | Q124: =IF(Q121>0,+(T124*T121+W124*W121+Z124*Z121)/Q121,"0") -> 0 | R124: =IF(P121>0,IF(Q121>0,+R122-R123,P124),Q124) -> 0 | S124: =IF(S121>0,+S122-S123,"0") -> 0 | T124: =IF(T121>0,+T122-T123,"0") -> 0 | U124: =IF(S121>0,IF(T121>0,+U122-U123,S124),T124) -> 0 | V124: =IF(V121>0,+V122-V123,"0") -> 0 | W124: =IF(W121>0,+W122-W123,"0") -> 0 | X124: =IF(V121>0,IF(W121>0,+X122-X123,V124),W124) -> 0 | Y124: =IF(Y121>0,+Y122-Y123,"0") -> 0 | Z124: =IF(Z121>0,+Z122-Z123,"0") -> 0 | AA124: =IF(Y121>0,IF(Z121>0,+AA122-AA123,Y124),Z124) -> 0
A125: 1. Infortuni per lavoro e malattie professionali | L125: =IF(F124+F125+F126+F128+F129+F130+F131+F132+F133+F134=0,"",IF(F124=0,IF(F125+F126+F128+F129+F130+F131+F132+F133+F134>0,"Attenzione Zero Quadri M full-time in B.2!",""),IF(F125+F126+F128+F129+F130+F131+F132+F133=0,"Nessuna assenza per Quadri M?",""))) | N125: 1. Giorni infortuni pro-capite | S125: =IF(S$121>0,+F125/S$121/8,"0") -> 0 | T125: =IF(T$121>0,+G125/T$121/8,"0") -> 0 | V125: =IF(V$121>0,+H125/V$121/8,"0") -> 0 | W125: =IF(W$121>0,+I125/W$121/8,"0") -> 0 | Y125: =IF(Y$121>0,+J125/Y$121/8,"0") -> 0 | Z125: =IF(Z$121>0,+K125/Z$121/8,"0") -> 0
A126: 2. Malattie non professionali | L126: =IF(G124+G125+G126+G128+G129+G130+G131+G132+G133+G134=0,"",IF(G124=0,IF(G125+G126+G128+G129+G130+G131+G132+G133+G134>0,"Attenzione Zero Quadri F full-time in B.2!",""),IF(G125+G126+G128+G129+G130+G131+G132+G133=0,"Nessuna assenza per Quadri F?",""))) | N126: 2. Giorni malattia pro-capite | S126: =IF(S$121>0,+F126/S$121/8,"0") -> 0 | T126: =IF(T$121>0,+G126/T$121/8,"0") -> 0 | V126: =IF(V$121>0,+H126/V$121/8,"0") -> 0 | W126: =IF(W$121>0,+I126/W$121/8,"0") -> 0 | Y126: =IF(Y$121>0,+J126/Y$121/8,"0") -> 0 | Z126: =IF(Z$121>0,+K126/Z$121/8,"0") -> 0
A127: 2a. di cui: per carenza (inferiore a 3 gg di malattia degli operai) | L127: =IF(OR(F127>F126,G127>G126,H127>H126,I127>I126,J127>J126,K127>K126),"Attenzione: Carenza > Malattie non professionali (punto 2.)","") | N127: 2a. di cui per carenza | S127: =IF(S$121>0,+F127/S$121/8,"0") -> 0 | T127: =IF(T$121>0,+G127/T$121/8,"0") -> 0 | V127: =IF(V$121>0,+H127/V$121/8,"0") -> 0 | W127: =IF(W$121>0,+I127/W$121/8,"0") -> 0 | Y127: =IF(Y$121>0,+J127/Y$121/8,"0") -> 0 | Z127: =IF(Z$121>0,+K127/Z$121/8,"0") -> 0
A128: 3. Congedi retribuiti | N128: 3. Giorni congedi pro-capite | S128: =IF(S$121>0,+F128/S$121/8,"0") -> 0 | T128: =IF(T$121>0,+G128/T$121/8,"0") -> 0 | V128: =IF(V$121>0,+H128/V$121/8,"0") -> 0 | W128: =IF(W$121>0,+I128/W$121/8,"0") -> 0 | Y128: =IF(Y$121>0,+J128/Y$121/8,"0") -> 0 | Z128: =IF(Z$121>0,+K128/Z$121/8,"0") -> 0
A129: 4. Permessi Legge 104 | L129: =IF(H124+H125+H126+H128+H129+H130+H131+H132+H133+H134+H135=0,"",IF(H124=0,IF(H125+H126+H128+H129+H130+H131+H132+H133+H134+#REF!>0,"Attenzione Zero Impiegati/Intermedi M full-time in B.2!",""),IF(H125+H126+H128+H129+H130+H131+H132+H133=0,"Nessuna assenza per Impiegati/Intermedi M?",""))) | N129: 4. Giorni Permessi 104 pro-capite | S129: =IF(S$121>0,+F129/S$121/8,"0") -> 0 | T129: =IF(T$121>0,+G129/T$121/8,"0") -> 0 | V129: =IF(V$121>0,+H129/V$121/8,"0") -> 0 | W129: =IF(W$121>0,+I129/W$121/8,"0") -> 0 | Y129: =IF(Y$121>0,+J129/Y$121/8,"0") -> 0 | Z129: =IF(Z$121>0,+K129/Z$121/8,"0") -> 0
A130: 4a.di cui | N130: 4a. di cui agevolazioni ex lege 104/92 | S130: =IF(S$121>0,+F130/S$121/8,"0") -> 0 | T130: =IF(T$121>0,+G130/T$121/8,"0") -> 0 | V130: =IF(V$121>0,+H130/V$121/8,"0") -> 0 | W130: =IF(W$121>0,+I130/W$121/8,"0") -> 0 | Y130: =IF(Y$121>0,+J130/Y$121/8,"0") -> 0 | Z130: =IF(Z$121>0,+K130/Z$121/8,"0") -> 0
A131: 5. Altri permessi retribuiti | L131: =IF(I124+I125+I126+I128+I129+I130+I131+I132+I133+I134+I135=0,"",IF(I124=0,IF(I125+I126+I128+I129+I130+I131+I132+I133+I134+#REF!>0,"Attenzione Zero Impiegati/Intermedi F full-time in B.2!",""),IF(I125+I126+I128+I129+I130+I131+I132+I133=0,"Nessuna assenza per Impiegati/Intermedi F?",""))) | N131: 5. Giorni altri permessi retr pro-capite | S131: =IF(S$121>0,+F131/S$121/8,"0") -> 0 | T131: =IF(T$121>0,+G131/T$121/8,"0") -> 0 | V131: =IF(V$121>0,+H131/V$121/8,"0") -> 0 | W131: =IF(W$121>0,+I131/W$121/8,"0") -> 0 | Y131: =IF(Y$121>0,+J131/Y$121/8,"0") -> 0 | Z131: =IF(Z$121>0,+K131/Z$121/8,"0") -> 0
A132: 6. Altre assenze non retribuite | L132: =IF(J124+J125+J126+J128+J129+J130+J131+J132+J133+J134+J135=0,"",IF(J124=0,IF(J125+J126+J128+J129+J130+J131+J132+J133+J134+#REF!>0,"Attenzione Zero Operai M full-time in B.2!",""),IF(J125+J126+J128+J129+J130+J131+J132+J133=0,"Nessuna assenza per Operai M?",""))) | N132: 6. Giorni altre assenze nr pro-capite | S132: =IF(S$121>0,+F132/S$121/8,"0") -> 0 | T132: =IF(T$121>0,+G132/T$121/8,"0") -> 0 | V132: =IF(V$121>0,+H132/V$121/8,"0") -> 0 | W132: =IF(W$121>0,+I132/W$121/8,"0") -> 0 | Y132: =IF(Y$121>0,+J132/Y$121/8,"0") -> 0 | Z132: =IF(Z$121>0,+K132/Z$121/8,"0") -> 0
A133: 7. Assenze per sciopero | L133: =IF(K124+K125+K126+K128+K129+K130+K131+K132+K133+K134+K135=0,"",IF(K124=0,IF(K125+K126+K128+K129+K130+K131+K132+K133+K134+#REF!>0,"Attenzione Zero Operai F full-time in B.2!",""),IF(K125+K126+K128+K129+K130+K131+K132+K133=0,"Nessuna assenza per Operai F?",""))) | N133: 7. Giorni sciopero pro-capite | S133: =IF(S$121>0,+F133/S$121/8,"0") -> 0 | T133: =IF(T$121>0,+G133/T$121/8,"0") -> 0 | V133: =IF(V$121>0,+H133/V$121/8,"0") -> 0 | W133: =IF(W$121>0,+I133/W$121/8,"0") -> 0 | Y133: =IF(Y$121>0,+J133/Y$121/8,"0") -> 0 | Z133: =IF(Z$121>0,+K133/Z$121/8,"0") -> 0
A134: 8. CIG o Fondi di solidarietà (es. FIS) | N134: 8. Giorni CIG pro-capite | S134: =IF(S$121>0,+F134/S$121/8,"0") -> 0 | T134: =IF(T$121>0,+G134/T$121/8,"0") -> 0 | V134: =IF(V$121>0,+H134/V$121/8,"0") -> 0 | W134: =IF(W$121>0,+I134/W$121/8,"0") -> 0 | Y134: =IF(Y$121>0,+J134/Y$121/8,"0") -> 0 | Z134: =IF(Z$121>0,+K134/Z$121/8,"0") -> 0
A135: 9. Ore di lavoro straordinario | N135: 9. Ore straordinario pro-capite | V135: =IF(V$121>0,+H135/V$121,"0") -> 0 | W135: =IF(W$121>0,+I135/W$121,"0") -> 0 | Y135: =IF(Y$121>0,+J135/Y$121,"0") -> 0 | Z135: =IF(Z$121>0,+K135/Z$121,"0") -> 0
N136: Tasso di gravità | P136: =IF(P121>0,+(S136*S121+V136*V121+Y136*Y121)/P121,"0") -> 0 | Q136: =IF(Q121>0,+(T136*T121+W136*W121+Z136*Z121)/Q121,"0") -> 0 | R136: =IF(P121>0,IF(Q121>0,+R124/R122,P136),Q136) -> 0 | S136: =IF(S121>0,+S124/S122,"0") -> 0 | T136: =IF(T121>0,+T124/T122,"0") -> 0 | U136: =IF(S121>0,IF(T121>0,+U124/U122,S136),T136) -> 0 | V136: =IF(V121>0,+V124/V122,"0") -> 0 | W136: =IF(W121>0,+W124/W122,"0") -> 0 | X136: =IF(V121>0,IF(W121>0,+X124/X122,V136),W136) -> 0 | Y136: =IF(Y121>0,+Y124/Y122,"0") -> 0 | Z136: =IF(Z121>0,+Z124/Z122,"0") -> 0 | AA136: =IF(Y121>0,IF(Z121>0,+AA124/AA122,Y136),Z136) -> 0
A137: NOTE PER LA COMPILAZIONE DELLA TABELLA C.3 | N137: * Numero medio di lavoratori a tempo indeterminato full-time
A138: Punti 1-7: indicare il numero complessivo di ore perse per motivo di assenza, per qualifica e sesso.
A139: Punto 2: indicare le ore di assenza per: malattia non professionale; infortuni extra-lavorativi; cure termali non in conto ferie; casi di malattia che determinano un'anticipazione o prolungamento del periodo di gravidanza o puerperio.
A140: Punto 2a: solo per gli operai, del totale indicato al punto 2, indicare le ore di assenza per malattia rientranti nel periodo di "carenza", ovvero nei primi tre giorni di malattia non indennizzati da INPS.
...

Sheet Focus - POLITICHE RETRIBUTIVE
A1: G) POLITICHE RETRIBUTIVE
A2: A.1 Denominazione dell'impresa | F2: =+questionario!F15 -> 0 | L2: =+IF(F2="","Compilare denominazione impresa","")
A4: A.2 Associazione territoriale e/o di categoria | F4: =+questionario!F17 -> ASSOLOMBARDA | L4: =+IF(F4="","Compilare Associazione","")
L5: =+IF(C6="","Compilare Partita IVA (senza zeri iniziali)",IF(LEN(C6)>11,"Partita IVA oltre 11 caratteri?",""))
A6: A.3 Partita IVA | C6: =+questionario!C19 -> 0
A8: G.1 L'impresa ha una struttura di politica retributiva formalizzata?
H9: No | I9: FALSE | J9: Sì | K9: FALSE
L10: =IF(I9+K9>1,"scegliere una sola opzione","") | N10: =IF($I$9=TRUE,"1","0") -> 0 | O10: =IF($K$9=TRUE,"1","0") -> 0 | P10: =N10*1 -> 0 | Q10: =O10*1 -> 0
A12: G.2 Quali criteri vengono utilizzati per aumentare la RAL (Retribuzione Annua Lorda)?
I13: dirigenti | J13: quadri | K13: impiegati | L13: operai/intermedi | N13: dirigenti | O13: quadri | P13: impiegati | Q13: operai/intermedi
B14: Nessun criterio | I14: FALSE | J14: FALSE | K14: FALSE | L14: FALSE | N14: =IF($N$10="1","",IF(AND($O$10="1",I$22=0),"",IF(I14=TRUE,"1","0"))) -> 0 | O14: =IF($N$10="1","",IF(AND($O$10="1",J$22=0),"",IF(J14=TRUE,"1","0"))) -> 0 | P14: =IF($N$10="1","",IF(AND($O$10="1",K$22=0),"",IF(K14=TRUE,"1","0"))) -> 0 | Q14: =IF($N$10="1","",IF(AND($O$10="1",L$22=0),"",IF(L14=TRUE,"1","0"))) -> 0
B15: Obiettivi aziendali | I15: FALSE | J15: FALSE | K15: FALSE | L15: FALSE | N15: =IF($N$10="1","",IF(AND($O$10="1",I$22=0),"",IF(I15=TRUE,"1","0"))) -> 0 | O15: =IF($N$10="1","",IF(AND($O$10="1",J$22=0),"",IF(J15=TRUE,"1","0"))) -> 0 | P15: =IF($N$10="1","",IF(AND($O$10="1",K$22=0),"",IF(K15=TRUE,"1","0"))) -> 0 | Q15: =IF($N$10="1","",IF(AND($O$10="1",L$22=0),"",IF(L15=TRUE,"1","0"))) -> 0
B16: Obiettivi individuali | I16: FALSE | J16: FALSE | K16: FALSE | L16: FALSE | N16: =IF($N$10="1","",IF(AND($O$10="1",I$22=0),"",IF(I16=TRUE,"1","0"))) -> 0 | O16: =IF($N$10="1","",IF(AND($O$10="1",J$22=0),"",IF(J16=TRUE,"1","0"))) -> 0 | P16: =IF($N$10="1","",IF(AND($O$10="1",K$22=0),"",IF(K16=TRUE,"1","0"))) -> 0 | Q16: =IF($N$10="1","",IF(AND($O$10="1",L$22=0),"",IF(L16=TRUE,"1","0"))) -> 0
B17: Job evaluation/Classificazione dei ruoli | I17: FALSE | J17: FALSE | K17: FALSE | L17: FALSE | N17: =IF($N$10="1","",IF(AND($O$10="1",I$22=0),"",IF(I17=TRUE,"1","0"))) -> 0 | O17: =IF($N$10="1","",IF(AND($O$10="1",J$22=0),"",IF(J17=TRUE,"1","0"))) -> 0 | P17: =IF($N$10="1","",IF(AND($O$10="1",K$22=0),"",IF(K17=TRUE,"1","0"))) -> 0 | Q17: =IF($N$10="1","",IF(AND($O$10="1",L$22=0),"",IF(L17=TRUE,"1","0"))) -> 0
B18: Posizionamento rispetto al mercato di riferimento | I18: FALSE | J18: FALSE | K18: FALSE | L18: FALSE | N18: =IF($N$10="1","",IF(AND($O$10="1",I$22=0),"",IF(I18=TRUE,"1","0"))) -> 0 | O18: =IF($N$10="1","",IF(AND($O$10="1",J$22=0),"",IF(J18=TRUE,"1","0"))) -> 0 | P18: =IF($N$10="1","",IF(AND($O$10="1",K$22=0),"",IF(K18=TRUE,"1","0"))) -> 0 | Q18: =IF($N$10="1","",IF(AND($O$10="1",L$22=0),"",IF(L18=TRUE,"1","0"))) -> 0
B19: Anzianità di servizio | I19: FALSE | J19: FALSE | K19: FALSE | L19: FALSE | N19: =IF($N$10="1","",IF(AND($O$10="1",I$22=0),"",IF(I19=TRUE,"1","0"))) -> 0 | O19: =IF($N$10="1","",IF(AND($O$10="1",J$22=0),"",IF(J19=TRUE,"1","0"))) -> 0 | P19: =IF($N$10="1","",IF(AND($O$10="1",K$22=0),"",IF(K19=TRUE,"1","0"))) -> 0 | Q19: =IF($N$10="1","",IF(AND($O$10="1",L$22=0),"",IF(L19=TRUE,"1","0"))) -> 0
B20: Tasso di inflazione | I20: FALSE | J20: FALSE | K20: FALSE | L20: FALSE | N20: =IF($N$10="1","",IF(AND($O$10="1",I$22=0),"",IF(I20=TRUE,"1","0"))) -> 0 | O20: =IF($N$10="1","",IF(AND($O$10="1",J$22=0),"",IF(J20=TRUE,"1","0"))) -> 0 | P20: =IF($N$10="1","",IF(AND($O$10="1",K$22=0),"",IF(K20=TRUE,"1","0"))) -> 0 | Q20: =IF($N$10="1","",IF(AND($O$10="1",L$22=0),"",IF(L20=TRUE,"1","0"))) -> 0
B21: Altro | I21: FALSE | J21: FALSE | K21: FALSE | L21: FALSE | N21: =IF($N$10="1","",IF(AND($O$10="1",I$22=0),"",IF(I21=TRUE,"1","0"))) -> 0 | O21: =IF($N$10="1","",IF(AND($O$10="1",J$22=0),"",IF(J21=TRUE,"1","0"))) -> 0 | P21: =IF($N$10="1","",IF(AND($O$10="1",K$22=0),"",IF(K21=TRUE,"1","0"))) -> 0 | Q21: =IF($N$10="1","",IF(AND($O$10="1",L$22=0),"",IF(L21=TRUE,"1","0"))) -> 0
I22: =questionario!H52+questionario!J52 -> 0 | J22: =questionario!H53+questionario!J53 -> 0 | K22: =questionario!H54+questionario!J54 -> 0 | L22: =questionario!H55+questionario!J55+questionario!H56+questionario!J56 -> 0 | M22: =SUM(I22:L22) -> 0
A23: G.3 Quale prevede sarà, nel 2025, l'incremento medio della RAL (Retribuzione Annua Lorda) per ciascuna categoria di dipendenti?
F25: Incremento % (incrementi di merito e previsti dal CCNL)
A26: =IF(F26>0.15,_xlfn.CONCAT($R$26,S26,$T$26),"") | E26: Dirigenti | G26: =IF(F26<0,"Inserire un valore maggiore o uguale a zero","") | P26: =IF(I22>0,F26,"") | R26: Le retribuzioni sono aumentate mediamente del | S26: =F26*100 -> 0 | T26: %?
A27: =IF(F27>0.15,_xlfn.CONCAT($R$26,S27,$T$26),"") | E27: Quadri | G27: =IF(F27<0,"Inserire un valore maggiore o uguale a zero","") | P27: =IF(J22>0,F27,"") | S27: =F27*100 -> 0
A28: =IF(F28>0.15,_xlfn.CONCAT($R$26,S28,$T$26),"") | E28: Impiegati | G28: =IF(F28<0,"Inserire un valore maggiore o uguale a zero","") | P28: =IF(K22>0,F28,"") | S28: =F28*100 -> 0
A29: =IF(F29>0.15,_xlfn.CONCAT($R$26,S29,$T$26),"") | E29: Operai / Intermedi | G29: MEDIA PONDERATA | I29: =SUM(I30:L30)/M30 -> #VALUE! | P29: =IF(L22>0,F29,"") | S29: =F29*100 -> 0
I30: =IF(I22=0,"",F26*I22) | J30: =IF(J22=0,"",F27*J22) | K30: =IF(K22=0,"",F28*K22) | L30: =IF(L22=0,"",F29*L22) | M30: =IF(M22=0,"",M22)
A31: Qualora il dato per categoria di dipendenti non fosse disponibile, indicare la media dell'azienda
F32: Incremento % (incrementi di merito e previsti dal CCNL)
E33: MEDIA AZIENDA
A35: G.4 L'impresa riconosce un premio variabile?
G37: no | H37: FALSE | I37: =IF(OR(H37+questionario!K264>1,questionario!K264+'Focus - POLITICHE RETRIBUTIVE'!H38>1),"Attenzione! In F3 hai indicato l'erogazione di premi variabili collettivi","") | N37: =+IF(H37=TRUE,"1","0") -> 0 | P37: =N37*1 -> 0
G38: sì, solo premi variabili individuali | H38: FALSE | N38: =+IF(H38=TRUE,"1","0") -> 0 | P38: =N38*1 -> 0
G39: sì, solo premi variabili collettivi | H39: FALSE | N39: =+IF(H39=TRUE,"1","0") -> 0 | P39: =N39*1 -> 0
G40: sì, sia premi variabili collettivi che individuali | H40: FALSE | N40: =+IF(H40=TRUE,"1","0") -> 0 | P40: =N40*1 -> 0
A42: G.5 Quali sono gli indicatori (di produttività, redditività, efficienza, qualità o innovazione) sulla base dei quali vengono erogati i premi variabili?
B45: Volume della produzione/n. dipendenti | H45: FALSE | N45: =IF($N$37="1","",IF(H45=TRUE,"1","0")) -> 0 | P45: =IF(N45="","",N45*1) -> 0
B46: Fatturato o VA di bilancio/n. dipendenti | H46: FALSE | N46: =IF($N$37="1","",IF(H46=TRUE,"1","0")) -> 0 | P46: =IF(N46="","",N46*1) -> 0
B47: MOL/VA di bilancio | H47: FALSE | N47: =IF($N$37="1","",IF(H47=TRUE,"1","0")) -> 0 | P47: =IF(N47="","",N47*1) -> 0
B48: Indici di soddisfazione del cliente | H48: FALSE | N48: =IF($N$37="1","",IF(H48=TRUE,"1","0")) -> 0 | P48: =IF(N48="","",N48*1) -> 0
B49: Diminuzione n. riparazioni, rilavorazioni | H49: FALSE | N49: =IF($N$37="1","",IF(H49=TRUE,"1","0")) -> 0 | P49: =IF(N49="","",N49*1) -> 0
B50: Riduzione degli scarti di lavorazione | H50: FALSE | N50: =IF($N$37="1","",IF(H50=TRUE,"1","0")) -> 0 | P50: =IF(N50="","",N50*1) -> 0
B51: Percentuale di rispetto dei tempi di consegna | H51: FALSE | N51: =IF($N$37="1","",IF(H51=TRUE,"1","0")) -> 0 | P51: =IF(N51="","",N51*1) -> 0
B52: Rispetto previsioni di avanzamento lavori | H52: FALSE | N52: =IF($N$37="1","",IF(H52=TRUE,"1","0")) -> 0 | P52: =IF(N52="","",N52*1) -> 0
B53: Modifiche organizzazione del lavoro | H53: FALSE | N53: =IF($N$37="1","",IF(H53=TRUE,"1","0")) -> 0 | P53: =IF(N53="","",N53*1) -> 0
B54: Lavoro agile (smart working) | H54: FALSE | N54: =IF($N$37="1","",IF(H54=TRUE,"1","0")) -> 0 | P54: =IF(N54="","",N54*1) -> 0
B55: Modifiche ai regimi di orario | H55: FALSE | N55: =IF($N$37="1","",IF(H55=TRUE,"1","0")) -> 0 | P55: =IF(N55="","",N55*1) -> 0
B56: Rapporto costi effettivi/costi previsti | H56: FALSE | N56: =IF($N$37="1","",IF(H56=TRUE,"1","0")) -> 0 | P56: =IF(N56="","",N56*1) -> 0
... B63: Riduzione tempi di commessa | H63: FALSE | N63: =IF($N$37="1","",IF(H63=TRUE,"1","0")) -> 0 | P63: =IF(N63="","",N63*1) -> 0
B64: Altro (specificare) | H64: ….....
A67: G.6 Indicare la retribuzione d'ingresso per neolaureati alla prima esperienza di lavoro distinguendo la laurea triennale dalla magistrale e quest'ultima per indirizzi generali
E69: Retribuzione Lorda su base annua (es. 20.000€)
B70: =IF(AND(F70>0,F70<3000),"Indicare il valore in euro su base annua","") | E70: Magistrale | G70: Umanistica (lettere, filosofia, ecc.)
B71: =IF(AND(F71>0,F71<3000),"Indicare il valore in euro su base annua","") | G71: Economico-giuridiche (Economia e commercio, Giurisprudenza, ecc.)
B72: =IF(AND(F72>0,F72<3000),"Indicare il valore in euro su base annua","") | G72: Tecnico-Scientifiche (Ingegneria, Matematica, ecc.)
B74: =IF(AND(F74>0,F74<3000),"Indicare il valore in euro su base annua","") | E74: Triennale
A76: G.7 Qual è indicativamente la percentuale di incremento dopo il primo anno?
F77: Incremento %
A80: G.8 Nel 2024 l'azienda ha avuto stagisti?
H81: No | I81: FALSE | J81: Sì | K81: FALSE
I82: FALSE | K82: FALSE | L82: =IF(I82+K82>1,"scegliere una sola opzione","") | N82: =IF($I$82=TRUE,"1","0") -> 0 | O82: =IF($K$82=TRUE,"1","0") -> 0 | P82: =N82*1 -> 0 | Q82: =O82*1 -> 0
F84: Se sì, con quale rimborso mensile medio in caso di tirocini extracurriculari?
P85: =IF(F85="","",F85)
A87: Fine questionario

Sheet Focus - SUPPORTO GENITORIALITÀ
A1: H - SUPPORTO ALLA GENITORIALITÀ | N1: Colonna di controllo
A3: LEGENDA
A4: Congedo di maternità: periodo obbligatorio di astensione per le madri in prossimità del parto (5 mesi, retribuito all'80% dello stipendio).
A5: Congedo di paternità: periodo obbligatorio di astensione per i padri (10 giorni, retribuito al 100% dello stipendio).
A6: Congedo parentale: periodo facoltativo di astensione disponibile per entrambi i genitori, della durata massima di 6 mesi per ciascun genitore, con un massimo complessivo di 10 mesi (o 11 mesi se il padre utilizza almeno 3 mesi). Il congedo parentale è retribuito al 30% dello stipendio.
A8: H.1 A supporto della genitorialità l'impresa prevede la possibilità di congedi con condizioni più favorevoli rispetto a quanto previsto dalla legge e dal CCNL ed integrate economicamente tra il 30% e il 100%?
F10: Sì | G10: FALSE | N10: =IF(AND(G11=FALSE,G10=TRUE),"Andare alla domanda H.1a","") | O10: Sì | P10: =IF(G10=TRUE,"1","0") -> 0 | Q10: =P10*1 -> 0
F11: No | G11: FALSE | N11: =IF(AND(G11=TRUE,G10=FALSE),"Andare alla domanda H.2","") | O11: No | P11: =IF(G11=TRUE,"1","0") -> 0 | Q11: =P11*1 -> 0
N12: =IF(G10+G11>1,"Scegliere una sola opzione!","")
A13: H.1a Se sì, selezioni tutte le opzioni applicabili - tra quelle proposte - e specifichi per ognuna l’oggetto dell’ampliamento (durata e/o indennità)
F15: Durata | G15: Indennità | P15: Durata | Q15: Indennità | U15: Durata | V15: Indennità
C16: Per congedo di maternità | F16: FALSE | G16: FALSE | O16: mat | P16: =IF(F16=TRUE,"1","0") -> 0 | Q16: =IF(G16=TRUE,"1","0") -> 0 | T16: mat | U16: =P16*1 -> 0 | V16: =Q16*1 -> 0
C17: Per congedo di paternità | F17: FALSE | G17: FALSE | O17: pat | P17: =IF(F17=TRUE,"1","0") -> 0 | Q17: =IF(G17=TRUE,"1","0") -> 0 | T17: pat | U17: =P17*1 -> 0 | V17: =Q17*1 -> 0
C18: Per congedo parentale | F18: FALSE | G18: FALSE | O18: par. | P18: =IF(F18=TRUE,"1","0") -> 0 | Q18: =IF(G18=TRUE,"1","0") -> 0 | T18: par. | U18: =P18*1 -> 0 | V18: =Q18*1 -> 0
A21: H.2 L’impresa prevede condizioni di miglior favore a supporto della genitorialità in tema di orario lavorativo flessibile/smart working?
N22: =IF(G23+G24>1,"Scegliere una sola opzione!","")
F23: Sì | G23: FALSE | N23: =IF(AND(G24=FALSE,G23=TRUE),"Andare alla domanda H.2a","") | O23: Sì | P23: =IF(G23=TRUE,"1",0) -> 0 | Q23: =1*P23 -> 0
F24: No | G24: FALSE | N24: =IF(AND(G24=TRUE,G23=FALSE),"Andare alla domanda H.3","") | O24: No | P24: =IF(G24=TRUE,"1","0") -> 0 | Q24: =1*P24 -> 0
A26: H.2a Se sì, quali? (selezioni tutte le opzioni applicabili)
F28: Smart working | H28: Flessibilità di orario di ingresso | J28: Flessibilità di orario di uscita
P29: smart | Q29: fless entrata | R29: fless uscita | U29: smart | V29: fless entrata | W29: fless uscita
C30: Dirigenti e quadri | F30: FALSE | H30: FALSE | J30: FALSE | O30: dir e qua | P30: =IF(F30=TRUE,"1","0") -> 0 | Q30: =IF(H30=TRUE,"1","0") -> 0 | R30: =IF(J30=TRUE,"1","0") -> 0 | T30: dir e qua | U30: =1*P30 -> 0 | V30: =1*Q30 -> 0 | W30: =1*R30 -> 0
C31: Impiegati e operai | F31: FALSE | H31: FALSE | J31: FALSE | O31: imp e op | P31: =IF(F31=TRUE,"1","0") -> 0 | Q31: =IF(H31=TRUE,"1","0") -> 0 | R31: =IF(J31=TRUE,"1","0") -> 0 | T31: imp e op | U31: =1*P31 -> 0 | V31: =1*Q31 -> 0 | W31: =1*R31 -> 0
A34: H.3 In che misura concorda che l’integrazione da parte dell’azienda dei seguenti istituti e la promozione del loro utilizzo siano strumenti efficaci per attrarre e trattenere talenti?
F36: Decisamente d'accordo | H36: D'accordo | J36: In disaccordo | L36: Decisamente in disaccordo
P37: dec acc | Q37: acc | R37: disacc | S37: dec disacc | W37: dec acc | X37: acc | Y37: disacc | Z37: dec disacc
C38: Congedo di maternità | F38: FALSE | H38: FALSE | J38: FALSE | L38: FALSE | N38: =IF(F38+H38+J38+L38>1,"Inserire una sola opzione!","") | O38: Congedo di maternità | P38: =IF(F38=TRUE,"1","0") -> 0 | Q38: =IF(H38=TRUE,"1","0") -> 0 | R38: =IF(J38=TRUE,"1","0") -> 0 | S38: =IF(L38=TRUE,"1","0") -> 0 | V38: Congedo di maternità | W38: =1*P38 -> 0 | X38: =1*Q38 -> 0 | Y38: =1*R38 -> 0 | Z38: =1*S38 -> 0
C39: Congedo di paternità | F39: FALSE | H39: FALSE | J39: FALSE | L39: FALSE | N39: =IF(F39+H39+J39+L39>1,"Inserire una sola opzione!","") | O39: Congedo di paternità | P39: =IF(F39=TRUE,"1","0") -> 0 | Q39: =IF(H39=TRUE,"1","0") -> 0 | R39: =IF(J39=TRUE,"1","0") -> 0 | S39: =IF(L39=TRUE,"1","0") -> 0 | V39: Congedo di paternità | W39: =1*P39 -> 0 | X39: =1*Q39 -> 0 | Y39: =1*R39 -> 0 | Z39: =1*S39 -> 0
C40: Congedo parentale | F40: FALSE | H40: FALSE | J40: FALSE | L40: FALSE | N40: =IF(F40+H40+J40+L40>1,"Inserire una sola opzione!","") | O40: Congedo parentale | P40: =IF(F40=TRUE,"1","0") -> 0 | Q40: =IF(H40=TRUE,"1","0") -> 0 | R40: =IF(J40=TRUE,"1","0") -> 0 | S40: =IF(L40=TRUE,"1","0") -> 0 | V40: Congedo parentale | W40: =1*P40 -> 0 | X40: =1*Q40 -> 0 | Y40: =1*R40 -> 0 | Z40: =1*S40 -> 0
C41: Orario lavorativo flessibile | F41: FALSE | H41: FALSE | J41: FALSE | L41: FALSE | N41: =IF(F41+H41+J41+L41>1,"Inserire una sola opzione!","") | O41: Orario lavorativo flessibile | P41: =IF(F41=TRUE,"1","0") -> 0 | Q41: =IF(H41=TRUE,"1","0") -> 0 | R41: =IF(J41=TRUE,"1","0") -> 0 | S41: =IF(L41=TRUE,"1","0") -> 0 | V41: Orario lavorativo flessibile | W41: =1*P41 -> 0 | X41: =1*Q41 -> 0 | Y41: =1*R41 -> 0 | Z41: =1*S41 -> 0
C42: Smart working | F42: FALSE | H42: FALSE | J42: FALSE | L42: FALSE | N42: =IF(F42+H42+J42+L42>1,"Inserire una sola opzione!","") | O42: Smart working | P42: =IF(F42=TRUE,"1","0") -> 0 | Q42: =IF(H42=TRUE,"1","0") -> 0 | R42: =IF(J42=TRUE,"1","0") -> 0 | S42: =IF(L42=TRUE,"1","0") -> 0 | V42: Smart working | W42: =1*P42 -> 0 | X42: =1*Q42 -> 0 | Y42: =1*R42 -> 0 | Z42: =1*S42 -> 0
A44: H.4 Quale effetto ritiene che l’utilizzo dei seguenti istituti da parte dei dipendenti possa avere sulla loro produttività?
F46: Aumento | G46: Nessuno | H46: Diminuzione | P46: Aumento | Q46: Nessuno | R46: Diminuzione | W46: Aumento | X46: Nessuno | Y46: Diminuzione
C47: Congedo di maternità | F47: FALSE | G47: FALSE | H47: FALSE | N47: =IF(F47+G47+H47>1,"Inserire una sola opzione!","") | O47: Congedo di maternità | P47: =IF(F47=TRUE,"1","0") -> 0 | Q47: =IF(G47=TRUE,"1","0") -> 0 | R47: =IF(H47=TRUE,"1","0") -> 0 | V47: Congedo di maternità | W47: =1*P47 -> 0 | X47: =1*Q47 -> 0 | Y47: =1*R47 -> 0
C48: Congedo di paternità | F48: FALSE | G48: FALSE | H48: FALSE | N48: =IF(F48+G48+H48>1,"Inserire una sola opzione!","") | O48: Congedo di paternità | P48: =IF(F48=TRUE,"1","0") -> 0 | Q48: =IF(G48=TRUE,"1","0") -> 0 | R48: =IF(H48=TRUE,"1","0") -> 0 | V48: Congedo di paternità | W48: =1*P48 -> 0 | X48: =1*Q48 -> 0 | Y48: =1*R48 -> 0
C49: Congedo parentale | F49: FALSE | G49: FALSE | H49: FALSE | N49: =IF(F49+G49+H49>1,"Inserire una sola opzione!","") | O49: Congedo parentale | P49: =IF(F49=TRUE,"1","0") -> 0 | Q49: =IF(G49=TRUE,"1","0") -> 0 | R49: =IF(H49=TRUE,"1","0") -> 0 | V49: Congedo parentale | W49: =1*P49 -> 0 | X49: =1*Q49 -> 0 | Y49: =1*R49 -> 0
C50: Orario lavorativo flessibile | F50: FALSE | G50: FALSE | H50: FALSE | N50: =IF(F50+G50+H50>1,"Inserire una sola opzione!","") | O50: Orario lavorativo flessibile | P50: =IF(F50=TRUE,"1","0") -> 0 | Q50: =IF(G50=TRUE,"1","0") -> 0 | R50: =IF(H50=TRUE,"1","0") -> 0 | V50: Orario lavorativo flessibile | W50: =1*P50 -> 0 | X50: =1*Q50 -> 0 | Y50: =1*R50 -> 0
C51: Smart working | F51: FALSE | G51: FALSE | H51: FALSE | N51: =IF(F51+G51+H51>1,"Inserire una sola opzione!","") | O51: Smart working | P51: =IF(F51=TRUE,"1","0") -> 0 | Q51: =IF(G51=TRUE,"1","0") -> 0 | R51: =IF(H51=TRUE,"1","0") -> 0 | V51: Smart working | W51: =1*P51 -> 0 | X51: =1*Q51 -> 0 | Y51: =1*R51 -> 0
A53: H.5 Quanti dipendenti dell’azienda hanno meno di 40 anni?
N54: =IF(OR(F56="",H56=""),"VALORE MANCANTE! Inserire 0 se nessun dipendente o nessuna donna under 40","") -> VALORE MANCANTE! Inserire 0 se nessun dipendente o nessuna donna under 40
F55: TOTALE | H55: di cui donne: | N55: =IF(H56>F56,"Il numero di dipendenti donna è superiore al TOTALE!","")
N56: =IF(F56>SUM(questionario!D44:K44)/2,"Il numero di under 40 è superiore al totale dei dipendenti indicato al punto B.1!","")
N57: =IF(H56>(questionario!F44+questionario!J44)/2,"Il numero di donne under 40 è superiore al totale delle dipendenti indicato al punto B.1!","")
A58: H.6 Nel corso del 2024 quanti dipendenti hanno utilizzato i congedi legati alla genitorialità e per quanti giorni?
F60: N° di dipendenti | H60: N° complessivo di giorni (sommare quelli di tutti i beneficiari)
C61: Congedo di maternità | N61: =IF(F61="","VALORE MANCANTE! Inserire 0 se nessuna dipendente ne ha usufruito","") -> VALORE MANCANTE! Inserire 0 se nessuna dipendente ne ha usufruito
C62: Congedo di paternità | N62: =IF(F62="","VALORE MANCANTE! Inserire 0 se nessun dipendente ne ha usufruito","") -> VALORE MANCANTE! Inserire 0 se nessun dipendente ne ha usufruito
C63: Congedo parentale da parte delle madri | N63: =IF(F63="","VALORE MANCANTE! Inserire 0 se nessuna dipendente ne ha usufruito","") -> VALORE MANCANTE! Inserire 0 se nessuna dipendente ne ha usufruito
C64: Congedo parentale da parte dei padri | N64: =IF(F64="","VALORE MANCANTE! Inserire 0 se nessun dipendente ne ha usufruito","") -> VALORE MANCANTE! Inserire 0 se nessun dipendente ne ha usufruito
A66: H.7 Quali dei seguenti servizi sono presenti in azienda? (possibili più risposte)
D68: Programmi di rientro al lavoro (re-onboarding) | I68: FALSE | O68: re-onboarding | P68: =IF(I68=TRUE,"1","0") -> 0 | Q68: =1*P68 -> 0
D69: Asilo nido aziendale | I69: FALSE | O69: Asilo nido aziendale | P69: =IF(I69=TRUE,"1","0") -> 0 | Q69: =1*P69 -> 0
D70: Scuola d’infanzia aziendale | I70: FALSE | O70: Scuola d’infanzia aziendale | P70: =IF(I70=TRUE,"1","0") -> 0 | Q70: =1*P70 -> 0
D71: Adesione a progetti per la creazione di sistemi di asilo nido diffusi | I71: FALSE | O71: Asilo nido diffusi | P71: =IF(I71=TRUE,"1","0") -> 0 | Q71: =1*P71 -> 0
D72: Assicurazione sanitaria per familiari | I72: FALSE | O72: Assicurazione sanitaria per familiari | P72: =IF(I72=TRUE,"1","0") -> 0 | Q72: =1*P72 -> 0
D73: Sussidi per asilo nido esterno | I73: FALSE | O73: Sussidi per asilo nido esterno | P73: =IF(I73=TRUE,"1","0") -> 0 | Q73: =1*P73 -> 0
D74: Sussidi per l’assistenza alla prima infanzia | I74: FALSE | O74: Sussidi per l’assistenza | P74: =IF(I74=TRUE,"1","0") -> 0 | Q74: =1*P74 -> 0
D75: Sussidi per campi estivi | I75: FALSE | O75: Sussidi per campi estivi | P75: =IF(I75=TRUE,"1","0") -> 0 | Q75: =1*P75 -> 0
D76: Sussidi per le spese in istruzione | I76: FALSE | O76: Sussidi per le spese in istruzione | P76: =IF(I76=TRUE,"1","0") -> 0 | Q76: =1*P76 -> 0
A78: Le domande della sezione successiva hanno lo scopo di raccogliere la percezione delle aziende associate sui temi del supporto alla genitorialità e, in particolare, sugli strumenti del congedo di maternità, congedo di paternità, congedo parentale, orario flessibile, smart working. Le valutazioni che verranno espresse verranno elaborate ad esclusivo uso interno, fermo restando l’eliminazione di qualsiasi riferimento a compilatori ed aziende.
A80: A) Per quanto riguarda l’istituto del congedo di paternità, su quali delle seguenti affermazioni è d’accordo? (Indichi in che misura per ciascuna affermazione)
F82: Decisamente d'accordo | H82: D'accordo | J82: In disaccordo | L82: Decisamente in disaccordo
P83: dec acc | Q83: acc | R83: disacc | S83: dec disac | W83: dec acc | X83: acc | Y83: disacc | Z83: dec disac
C84: I dipendenti non hanno sufficienti informazioni sull’istituto | F84: FALSE | H84: FALSE | J84: FALSE | L84: FALSE | N84: =IF(F84+H84+J84+L84>1,"Inserire una sola opzione!","") | O84: I dipendenti non hanno sufficienti informazioni sull’istituto | P84: =IF(F84=TRUE,"1","0") -> 0 | Q84: =IF(H84=TRUE,"1","0") -> 0 | R84: =IF(J84=TRUE,"1","0") -> 0 | S84: =IF(L84=TRUE,"1","0") -> 0 | V84: I dipendenti non hanno sufficienti informazioni sull’istituto | W84: =1*P84 -> 0 | X84: =1*Q84 -> 0 | Y84: =1*R84 -> 0 | Z84: =1*S84 -> 0
C85: L’istituto mette in discussione i ruoli tradizionali all’interno della coppia | F85: FALSE | H85: FALSE | J85: FALSE | L85: FALSE | N85: =IF(F85+H85+J85+L85>1,"Inserire una sola opzione!","") | O85: L’istituto mette in discussione i ruoli tradizionali all’interno della coppia | P85: =IF(F85=TRUE,"1","0") -> 0 | Q85: =IF(H85=TRUE,"1","0") -> 0 | R85: =IF(J85=TRUE,"1","0") -> 0 | S85: =IF(L85=TRUE,"1","0") -> 0 | V85: L’istituto mette in discussione i ruoli tradizionali all’interno della coppia | W85: =1*P85 -> 0 | X85: =1*Q85 -> 0 | Y85: =1*R85 -> 0 | Z85: =1*S85 -> 0
C86: I potenziali beneficiari possono temere il giudizio dei colleghi | F86: FALSE | H86: FALSE | J86: FALSE | L86: FALSE | N86: =IF(F86+H86+J86+L86>1,"Inserire una sola opzione!","") | O86: I potenziali beneficiari possono temere il giudizio dei colleghi | P86: =IF(F86=TRUE,"1","0") -> 0 | Q86: =IF(H86=TRUE,"1","0") -> 0 | R86: =IF(J86=TRUE,"1","0") -> 0 | S86: =IF(L86=TRUE,"1","0") -> 0 | V86: I potenziali beneficiari possono temere il giudizio dei colleghi | W86: =1*P86 -> 0 | X86: =1*Q86 -> 0 | Y86: =1*R86 -> 0 | Z86: =1*S86 -> 0
C87: Sostituire un lavoratore in congedo crea difficoltà alle aziende | F87: FALSE | H87: FALSE | J87: FALSE | L87: FALSE | N87: =IF(F87+H87+J87+L87>1,"Inserire una sola opzione!","") | O87: Sostituire un lavoratore in congedo crea difficoltà alle aziende | P87: =IF(F87=TRUE,"1","0") -> 0 | Q87: =IF(H87=TRUE,"1","0") -> 0 | R87: =IF(J87=TRUE,"1","0") -> 0 | S87: =IF(L87=TRUE,"1","0") -> 0 | V87: Sostituire un lavoratore in congedo crea difficoltà alle aziende | W87: =1*P87 -> 0 | X87: =1*Q87 -> 0 | Y87: =1*R87 -> 0 | Z87: =1*S87 -> 0
A89: B) In che misura concorda che l’utilizzo dei seguenti istituti da parte dei dipendenti possa avere delle ripercussioni sulla loro carriera?
F91: Decisamente d'accordo | H91: D'accordo | J91: In disaccordo | L91: Decisamente in disaccordo
P92: dec acc | Q92: acc | R92: disacc | S92: dec disac | W92: dec acc | X92: acc | Y92: disacc | Z92: dec disac
C93: Congedo di maternità | F93: FALSE | H93: FALSE | J93: FALSE | L93: FALSE | N93: =IF(F93+H93+J93+L93>1,"Inserire una sola opzione!","") | O93: Congedo di maternità | P93: =IF(F93=TRUE,"1","0") -> 0 | Q93: =IF(H93=TRUE,"1","0") -> 0 | R93: =IF(J93=TRUE,"1","0") -> 0 | S93: =IF(L93=TRUE,"1","0") -> 0 | V93: Congedo di maternità | W93: =1*P93 -> 0 | X93: =1*Q93 -> 0 | Y93: =1*R93 -> 0 | Z93: =1*S93 -> 0
C94: Congedo di paternità | F94: FALSE | H94: FALSE | J94: FALSE | L94: FALSE | N94: =IF(F94+H94+J94+L94>1,"Inserire una sola opzione!","") | O94: Congedo di paternità | P94: =IF(F94=TRUE,"1","0") -> 0 | Q94: =IF(H94=TRUE,"1","0") -> 0 | R94: =IF(J94=TRUE,"1","0") -> 0 | S94: =IF(L94=TRUE,"1","0") -> 0 | V94: Congedo di paternità | W94: =1*P94 -> 0 | X94: =1*Q94 -> 0 | Y94: =1*R94 -> 0 | Z94: =1*S94 -> 0
C95: Congedo parentale | F95: FALSE | H95: FALSE | J95: FALSE | L95: FALSE | N95: =IF(F95+H95+J95+L95>1,"Inserire una sola opzione!","") | O95: Congedo parentale | P95: =IF(F95=TRUE,"1","0") -> 0 | Q95: =IF(H95=TRUE,"1","0") -> 0 | R95: =IF(J95=TRUE,"1","0") -> 0 | S95: =IF(L95=TRUE,"1","0") -> 0 | V95: Congedo parentale | W95: =1*P95 -> 0 | X95: =1*Q95 -> 0 | Y95: =1*R95 -> 0 | Z95: =1*S95 -> 0
C96: Orario lavorativo flessibile | F96: FALSE | H96: FALSE | J96: FALSE | L96: FALSE | N96: =IF(F96+H96+J96+L96>1,"Inserire una sola opzione!","") | O96: Orario lavorativo flessibile | P96: =IF(F96=TRUE,"1","0") -> 0 | Q96: =IF(H96=TRUE,"1","0") -> 0 | R96: =IF(J96=TRUE,"1","0") -> 0 | S96: =IF(L96=TRUE,"1","0") -> 0 | V96: Orario lavorativo flessibile | W96: =1*P96 -> 0 | X96: =1*Q96 -> 0 | Y96: =1*R96 -> 0 | Z96: =1*S96 -> 0
C97: Smart working | F97: FALSE | H97: FALSE | J97: FALSE | L97: FALSE | N97: =IF(F97+H97+J97+L97>1,"Inserire una sola opzione!","") | O97: Smart working | P97: =IF(F97=TRUE,"1","0") -> 0 | Q97: =IF(H97=TRUE,"1","0") -> 0 | R97: =IF(J97=TRUE,"1","0") -> 0 | S97: =IF(L97=TRUE,"1","0") -> 0 | V97: Smart working | W97: =1*P97 -> 0 | X97: =1*Q97 -> 0 | Y97: =1*R97 -> 0 | Z97: =1*S97 -> 0
A99: C) In che misura concorda che l’utilizzo dei seguenti istituti possa ingenerare nei dipendenti la percezione di ripercussioni sulla loro carriera?
F101: Decisamente d'accordo | H101: D'accordo | J101: In disaccordo | L101: Decisamente in disaccordo
P102: dec acc | Q102: acc | R102: disacc | S102: dec disac | W102: dec acc | X102: acc | Y102: disacc | Z102: dec disac
C103: Congedo di maternità | F103: FALSE | H103: FALSE | J103: FALSE | L103: FALSE | N103: =IF(F103+H103+J103+L103>1,"Inserire una sola opzione!","") | O103: Congedo di maternità | P103: =IF(F103=TRUE,"1","0") -> 0 | Q103: =IF(H103=TRUE,"1","0") -> 0 | R103: =IF(J103=TRUE,"1","0") -> 0 | S103: =IF(L103=TRUE,"1","0") -> 0 | V103: Congedo di maternità | W103: =1*P103 -> 0 | X103: =1*Q103 -> 0 | Y103: =1*R103 -> 0 | Z103: =1*S103 -> 0
C104: Congedo di paternità | F104: FALSE | H104: FALSE | J104: FALSE | L104: FALSE | N104: =IF(F104+H104+J104+L104>1,"Inserire una sola opzione!","") | O104: Congedo di paternità | P104: =IF(F104=TRUE,"1","0") -> 0 | Q104: =IF(H104=TRUE,"1","0") -> 0 | R104: =IF(J104=TRUE,"1","0") -> 0 | S104: =IF(L104=TRUE,"1","0") -> 0 | V104: Congedo di paternità | W104: =1*P104 -> 0 | X104: =1*Q104 -> 0 | Y104: =1*R104 -> 0 | Z104: =1*S104 -> 0
C105: Congedo parentale | F105: FALSE | H105: FALSE | J105: FALSE | L105: FALSE | N105: =IF(F105+H105+J105+L105>1,"Inserire una sola opzione!","") | O105: Congedo parentale | P105: =IF(F105=TRUE,"1","0") -> 0 | Q105: =IF(H105=TRUE,"1","0") -> 0 | R105: =IF(J105=TRUE,"1","0") -> 0 | S105: =IF(L105=TRUE,"1","0") -> 0 | V105: Congedo parentale | W105: =1*P105 -> 0 | X105: =1*Q105 -> 0 | Y105: =1*R105 -> 0 | Z105: =1*S105 -> 0
C106: Orario lavorativo flessibile | F106: FALSE | H106: FALSE | J106: FALSE | L106: FALSE | N106: =IF(F106+H106+J106+L106>1,"Inserire una sola opzione!","") | O106: Orario lavorativo flessibile | P106: =IF(F106=TRUE,"1","0") -> 0 | Q106: =IF(H106=TRUE,"1","0") -> 0 | R106: =IF(J106=TRUE,"1","0") -> 0 | S106: =IF(L106=TRUE,"1","0") -> 0 | V106: Orario lavorativo flessibile | W106: =1*P106 -> 0 | X106: =1*Q106 -> 0 | Y106: =1*R106 -> 0 | Z106: =1*S106 -> 0
C107: Smart working | F107: FALSE | H107: FALSE | J107: FALSE | L107: FALSE | N107: =IF(F107+H107+J107+L107>1,"Inserire una sola opzione!","") | O107: Smart working | P107: =IF(F107=TRUE,"1","0") -> 0 | Q107: =IF(H107=TRUE,"1","0") -> 0 | R107: =IF(J107=TRUE,"1","0") -> 0 | S107: =IF(L107=TRUE,"1","0") -> 0 | V107: Smart working | W107: =1*P107 -> 0 | X107: =1*Q107 -> 0 | Y107: =1*R107 -> 0 | Z107: =1*S107 -> 0
A109: Fine del questionario

Sheet feedback assenze
A1: logo associazione
D2: Check-up assenze anno 2024 | H2: =CONCATENATE(" - ",UPPER(questionario!F15)) -> -
A4: =CONCATENATE("Buongiorno ",PROPER(questionario!D8),".") -> Buongiorno .
A5: Le confermiamo di aver ricevuto il questionario che ci ha gentilmente compilato.
A6: Vogliamo ringraziarla per l’indispensabile collaborazione che ci ha prestato e le restituiamo - sulla base dei dati che ha inserito - un quadro sintetico della situazione della sua azienda per quanto riguarda ore lavorate e tassi di assenza:
C8: Totale | F8: Quadri | I8: Impiegati/Intermedi | L8: Operai
C9: Maschi | D9: Femmine | E9: Totale | F9: Maschi | G9: Femmine | H9: Totale | I9: Maschi | J9: Femmine | K9: Totale | L9: Maschi | M9: Femmine | N9: Totale
A10: Lavoratori* | C10: =+F10+I10+L10 -> 0 | D10: =+G10+J10+M10 -> 0 | E10: =C10+D10 -> 0 | F10: =+questionario!S121 -> 0 | G10: =+questionario!T121 -> 0 | H10: =+F10+G10 -> 0 | I10: =+questionario!V121 -> 0 | J10: =+questionario!W121 -> 0 | K10: =+I10+J10 -> 0 | L10: =+questionario!Y121 -> 0 | M10: =+questionario!Z121 -> 0 | N10: =+L10+M10 -> 0
A11: Ore lavorabili | C11: =IF(C$10>0,+(F11*F$10+I11*I$10+L11*L$10)/C$10,"0") -> 0 | D11: =IF(D$10>0,+(G11*G$10+J11*J$10+M11*M$10)/D$10,"0") -> 0 | E11: =IF(C10>0,IF(D10>0,+(C11*C10+D11*D10)/E10,C11),D11) -> 0 | F11: =+questionario!S122 -> 0 | G11: =+questionario!T122 -> 0 | H11: =IF(F10>0,IF(G10>0,+(F11*F10+G11*G10)/H10,F11),G11) -> 0 | I11: =+questionario!V122 -> 0 | J11: =+questionario!W122 -> 0 | K11: =IF(I10>0,IF(J10>0,+(I11*I10+J11*J10)/K10,I11),J11) -> 0 | L11: =+questionario!Y122 -> 0 | M11: =+questionario!Z122 -> 0 | N11: =IF(L10>0,IF(M10>0,+(L11*L10+M11*M10)/N10,L11),M11) -> 0
A12: Ore lavorate | C12: =IF($C$10>0,+(F12*$F$10+I12*$I$10+L12*$L$10)/$C$10,"0") -> 0 | D12: =IF(D$10>0,+(G12*G$10+J12*J$10+M12*M$10)/D$10,"0") -> 0 | E12: =IF(C10>0,IF(D10>0,+(C12*C10+D12*D10)/E10,C12),D12) -> 0 | F12: =+questionario!S123 -> 0 | G12: =+questionario!T123 -> 0 | H12: =IF(F10>0,IF(G10>0,+(F12*F10+G12*G10)/H10,F12),G12) -> 0 | I12: =+questionario!V123 -> 0 | J12: =+questionario!W123 -> 0 | K12: =IF(I10>0,IF(J10>0,+(I12*I10+J12*J10)/K10,I12),J12) -> 0 | L12: =+questionario!Y123 -> 0 | M12: =+questionario!Z123 -> 0 | N12: =IF(L10>0,IF(M10>0,+(L12*L10+M12*M10)/N10,L12),M12) -> 0
A13: Ore assenza pro-capite | C13: =IF($C$10>0,+(F13*$F$10+I13*$I$10+L13*$L$10)/$C$10,"0") -> 0 | D13: =IF(D$10>0,+(G13*G$10+J13*J$10+M13*M$10)/D$10,"0") -> 0 | E13: =IF(C10>0,IF(D10>0,+E11-E12,C13),D13) -> 0 | F13: =IF(F10>0,+F11-F12,"0") -> 0 | G13: =IF(G10>0,+G11-G12,"0") -> 0 | H13: =IF(F10>0,IF(G10>0,+H11-H12,F13),G13) -> 0 | I13: =IF(I10>0,+I11-I12,"0") -> 0 | J13: =IF(J10>0,+J11-J12,"0") -> 0 | K13: =IF(I10>0,IF(J10>0,+K11-K12,I13),J13) -> 0 | L13: =IF(L10>0,+L11-L12,"0") -> 0 | M13: =IF(M10>0,+M11-M12,"0") -> 0 | N13: =IF(L10>0,IF(M10>0,+N11-N12,L13),M13) -> 0
A14: Tasso di gravità | C14: =IF($C$10>0,+(F14*$F$10+I14*$I$10+L14*$L$10)/$C$10,"0") -> 0 | D14: =IF(D$10>0,+(G14*G$10+J14*J$10+M14*M$10)/D$10,"0") -> 0 | E14: =IF(C10>0,IF(D10>0,+E13/E11,C14),D14) -> 0 | F14: =IF(F10>0,+F13/F11,"0") -> 0 | G14: =IF(G10>0,+G13/G11,"0") -> 0 | H14: =IF(F10>0,IF(G10>0,+H13/H11,F14),G14) -> 0 | I14: =IF(I10>0,+I13/I11,"0") -> 0 | J14: =IF(J10>0,+J13/J11,"0") -> 0 | K14: =IF(I10>0,IF(J10>0,+K13/K11,I14),J14) -> 0 | L14: =IF(L10>0,+L13/L11,"0") -> 0 | M14: =IF(M10>0,+M13/M11,"0") -> 0 | N14: =IF(L10>0,IF(M10>0,+N13/N11,L14),M14) -> 0
A15: * Numero medio di lavoratori a tempo indeterminato full-time in organico a dicembre 2023 e a dicembre 2024.
A17: Rimaniamo a disposizione per ogni chiarimento sui numeri contenuti nella tabella.
A18: =CONCATENATE("Ci auguriamo di poter contare anche in futuro sulla sua attiva partecipazione, e provvederemo a informarla - all’indirizzo ",LOWER(questionario!B10)," che ha indicato sul questionario - non appena saranno disponibili i risultati dell’indagine.") -> Ci auguriamo di poter contare anche in futuro sulla sua attiva partecipazione, e provvederemo a informarla - all’indirizzo che ha indicato sul questionario - non appena saranno disponibili i risultati dell’indagine.
A19: Con i migliori saluti.
A23: PER LE ASSOCIAZIONI: Metodo di calcolo del tasso di gravità
A25: Elementi per il calcolo: | G25: Esempio
A27: lavoratori al 31.12.2023 | G27: 9
A28: lavoratori al 31.12.2024 | G28: 11
A29: numero medio lavoratori nel 2024 | G29: =AVERAGE(G27:G28) -> 10
A30: giorni dell'anno | G30: 366
A31: sabati e domeniche | G31: 104
A32: festività infrasettimanali nel 2024 | G32: 9
A33: giorni di ferie e P.A.R. | G33: 33
A34: orario settimanale | G34: 40
A35: pause retribuite per settimana (in minuti) | G35: 60
A36: ore di CIG (pro-capite) | G36: =500/G29 -> 50
A37: Ore lavorabili: (366 - 104 - 9 - 33) x (40 - 60/60)/5 - 50 = | G37: =+((G30-G31-G33-G32)*((G34-(G35/60))/5))-G36 -> 1666
A39: 1. Infortuni sul lavoro e malattie professionali | G39: =100/G29 -> 10
A40: 2. Malattie non professionali | G40: =100/G29 -> 10
A41: 3. Congedi retribuiti | G41: =100/G29 -> 10
A42: 4. Altri permessi retribuiti | G42: =100/G29 -> 10
A43: 5. Assenze per sciopero | G43: =100/G29 -> 10
A44: 6. Altre assenze non retribuite | G44: =100/G29 -> 10
A45: 7. Ore di assemblea | G45: =100/G29 -> 10
A46: Ore di assenza pro-capite (totale): | G46: =SUM(G39:G45) -> 70
A48: Tasso di gravità: Ore di assenza in % delle ore lavorabili = | G48: =G46/G37 -> 0.042016807
D59: =+D55+SUM(D56:E58) -> 0 | F59: =+F55+SUM(F56:G58) -> 0 | H59: =+H55+SUM(H56:I58) -> 0 | J59: =+J55+SUM(J56:K58) -> 0

Sheet ateco2007
A1: 1 | B1: Scegliere Ateco 2007
A2: 2 | B2: 01 | C2: COLTIVAZIONI AGRICOLE E PRODUZIONE DI PRODOTTI ANIMALI, CACCIA E SERVIZI CONNESSI
A3: 3 | B3: 01.1 | C3: COLTIVAZIONE DI COLTURE AGRICOLE NON PERMANENTI
A4: 4 | B4: 01.11 | C4: Coltivazione di cereali (escluso il riso), legumi da granella e semi oleosi
A5: 5 | B5: 01.11.1 | C5: Coltivazione di cereali (escluso il riso)
A6: 6 | B6: 01.11.10 | C6: Coltivazione di cereali (escluso il riso)
A7: 7 | B7: 01.11.2 | C7: Coltivazione di semi oleosi
A8: 8 | B8: 01.11.20 | C8: Coltivazione di semi oleosi
A9: 9 | B9: 01.11.3 | C9: Coltivazione di legumi da granella
A10: 10 | B10: 01.11.30 | C10: Coltivazione di legumi da granella
A11: 11 | B11: 01.11.4 | C11: Coltivazioni miste di cereali, legumi da granella e semi oleosi
A12: 12 | B12: 01.11.40 | C12: Coltivazioni miste di cereali, legumi da granella e semi oleosi
A13: 13 | B13: 01.12 | C13: Coltivazione di riso
... A3118: 3118 | B3118: 99.00.00 | C3118: Organizzazioni ed organismi extraterritoriali

Sheet ccnl
B1: contratti | C1: 3 Colonne in cui pescano formule della tendina CCNL
C2: 1 | D2: (Scegliere CCNL principale)
A3: 0100 | B3: ALIMENTARE | C3: 2 | D3: 100 - ALIMENTARE | E3: =A3*1 -> 100
A4: 0102 | B4: ADDETTI IMBARCATI SU NATANTI ESERCENTI PESCA MARITTIMA | C4: 3 | D4: 102 - PESCA MARITTIMA | E4: =A4*1 -> 102
A5: 0200 | B5: METALMECCANICO | C5: 4 | D5: 200 - METALMECCANICO | E5: =A5*1 -> 200
A6: 0204 | B6: ORAFI E ARGENTIERI | C6: 5 | D6: 204 - ORAFI E ARGENTIERI | E6: =A6*1 -> 204
A7: 0300 | B7: TESSILE E ABBIGLIAMENTO | C7: 6 | D7: 300 - TESSILE E ABBIGLIAMENTO | E7: =A7*1 -> 300
A8: 0302 | B8: CALZATURIERO | C8: 7 | D8: 302 - CALZATURIERO | E8: =A8*1 -> 302
A9: 0303 | B9: PELLI, CUOIO E SUCCEDANEI | C9: 8 | D9: 303 - PELLI, CUOIO E SUCCEDANEI | E9: =A9*1 -> 303
A10: 0304 | B10: PENNE, MATITE E AFFINI, SPAZZOLE, PENNELLI, SCOPE | C10: 9 | D10: 304 - PENNE, MATITE E AFFINI, SPAZZOLE, PENNELLI, SCOPE | E10: =A10*1 -> 304
A11: 0306 | B11: OMBRELLI-OMBRELLONI | C11: 10 | D11: 306 - OMBRELLI-OMBRELLONI | E11: =A11*1 -> 306
A12: 0308 | B12: OCCHIALI E ARTICOLI INERENTI L'OCCHIALERIA | C12: 11 | D12: 308 - OCCHIALI E ARTICOLI INERENTI L'OCCHIALERIA | E12: =A12*1 -> 308
A13: 0309 | B13: FILIERA ITTICA E RETIFICI | C13: 12 | D13: 309 - FILIERA ITTICA E RETIFICI | E13: =A13*1 -> 309
A14: 0310 | B14: LAVANDERIE INDUSTRIALI | C14: 13 | D14: 310 - LAVANDERIE INDUSTRIALI | E14: =A14*1 -> 310
... A82: 3100 | B82: ALTRO | C82: 81 | D82: 3100 - ALTRO | E82: =A82*1 -> 3100

Sheet ateco2007_2digit
A1: Riga | B1: Descrizione | C1: Codice Ateco 2007
A2: 1 | B2: (Scegliere Ateco principale) | C2: 0
A3: 2 | B3: 01 - Coltivazioni agricole e produzione di prodotti animali, caccia e servizi connessi | C3: 1
A4: 3 | B4: 02 - Silvicoltura ed utilizzo di aree forestali | C4: 2
A5: 4 | B5: 03 - Pesca e acquacoltura | C5: 3
A6: 5 | B6: 05 - Estrazione di carbone (esclusa torba) | C6: 5
A7: 6 | B7: 06 - Estrazione di petrolio greggio e di gas naturale | C7: 6
A8: 7 | B8: 07 - Estrazione di minerali metalliferi | C8: 7
A9: 8 | B9: 08 - Altre attività di estrazione di minerali da cave e miniere | C9: 8
A10: 9 | B10: 09 - Attività dei servizi di supporto all'estrazione | C10: 9
A11: 10 | B11: 10 - Industrie alimentari | C11: 10
A12: 11 | B12: 11 - Industria delle bevande | C12: 11
A13: 12 | B13: 12 - Industria del tabacco | C13: 12
... A90: 89 | B90: 99 - Organizzazioni ed organismi extraterritoriali | C90: 99

Sheet provincia
A1: 1 | B1: (Scegliere Provincia) | D1: Denominazione regione | E1: Ripartizione geografica
A2: 2 | B2: MI - Milano | C2: MI | D2: LOMBARDIA | E2: NORD-OVEST | F2: NORD-OVEST
A3: 3 | B3: MB - Monza e della Brianza | C3: MB | D3: LOMBARDIA | E3: NORD-OVEST | F3: NORD-OVEST
A4: 4 | B4: LO - Lodi | C4: LO | D4: LOMBARDIA | E4: NORD-OVEST | F4: NORD-OVEST
A5: 5 | B5: PV - Pavia | C5: PV | D5: LOMBARDIA | E5: NORD-OVEST | F5: NORD-OVEST
A6: 6 | B6: AG - Agrigento | C6: AG | D6: SICILIA | E6: ISOLE | F6: CENTRO-SUD
A7: 7 | B7: AL - Alessandria | C7: AL | D7: PIEMONTE | E7: NORD-OVEST | F7: NORD-OVEST
A8: 8 | B8: AN - Ancona | C8: AN | D8: MARCHE | E8: CENTRO | F8: CENTRO-SUD
A9: 9 | B9: AO - Valle d'Aosta | C9: AO | D9: VALLE D'AOSTA | E9: NORD-OVEST | F9: NORD-OVEST
A10: 10 | B10: AP - Ascoli Piceno | C10: AP | D10: MARCHE | E10: CENTRO | F10: CENTRO-SUD
A11: 11 | B11: AQ - L'Aquila | C11: AQ | D11: ABRUZZO | E11: SUD | F11: CENTRO-SUD
A12: 12 | B12: AR - Arezzo | C12: AR | D12: TOSCANA | E12: CENTRO | F12: CENTRO-SUD
A13: 13 | B13: AT - Asti | C13: AT | D13: PIEMONTE | E13: NORD-OVEST | F13: NORD-OVEST
... A108: 108 | B108: VV - Vibo Valentia | C108: VV | D108: CALABRIA | E108: SUD | F108: CENTRO-SUD
